 Dungeon Crawl Stone Soup version 0.32-a0-361-g289a535e89 (webtiles) character file.

Game seed: 16895815443309468499

31282 pokeman the Eclecticist (level 13, -25/70 HPs)
             Began as a Deep Elf Hedge Wizard on Feb 18, 2024.
             Was an Elder of Vehumet.
             Hit by a large rock thrown by a stone giant (34 damage)
             ... on level 15 of the Dungeon.
             The game lasted 00:39:43 (17600 turns).

pokeman the Eclecticist (Deep Elf Hedge Wizard)    Turns: 17600, Time: 00:39:44

Health: -25/70     AC:  7    Str:  7    XL:     13   Next: 25%
Magic:  33/46      EV: 13    Int: 25    God:    Vehumet [****..]
Gold:   928        SH:  0    Dex: 14    Spells: 31/49 levels left

rFire   + + +        Z - +7 short sword of Shrieking Terror {protect, rF+++}
rCold   + . .        (no shield)
rNeg    . . .        J - +0 steam dragon scales
rPois   .            L - +0 helmet
rElec   .            m - scarf {rC+ rF+}
rCorr   .            (no gloves)
SInv    .            (no boots)
Will    +....        (no amulet)
Stlth   ++           P - ring of magical power
HPRegen 0.31/turn    M - ring of wizardry
MPRegen 0.30/turn

%: wizardry (x1)
@: no status effects
A: no striking features
a: Renounce Religion


You were on level 15 of the Dungeon.
You worshipped Vehumet.
Vehumet was greatly pleased with you.
You visited 2 branches of the dungeon, and saw 16 of its levels.

You collected 1008 gold pieces.
You spent 80 gold pieces at shops.

Inventory:

Hand Weapons
 I - a +1 dagger of venom
 Z - the +7 short sword of Shrieking Terror (weapon) {protect, rF+++}
   (You took it off a kobold demonologist on level 13 of the Dungeon)

   rF+++:     It renders you almost immune to fire.
Missiles
 E - 6 curare-tipped darts
Armour
 m - a scarf of resistance (worn)
 u - a +0 buckler
 J - +0 steam dragon scales (worn)
 L - a +0 helmet (worn)
 Q - a +2 scale mail of fire resistance
 R - a +0 ring mail of cold resistance
 Y - a +0 kite shield
Magical Staves
 e - a staff of cold
Jewellery
 p - a +4 ring of protection
 M - a ring of wizardry (right hand)
 N - a ring of ice
 P - a ring of magical power (left hand)
Wands
 c - a wand of charming (4)
 i - a wand of polymorph (6)
Scrolls
 g - 9 scrolls of teleportation
 j - a scroll of enchant armour
 k - a scroll of vulnerability {unknown}
 y - 4 scrolls of blinking
 S - a scroll of revelation
Potions
 a - 2 potions of cancellation {unknown}
 b - a potion of enlightenment {unknown}
 d - 5 potions of magic
 f - 3 potions of heal wounds
 h - 10 potions of curing
 q - a potion of resistance
 s - 2 potions of degeneration {unknown}
 v - 2 potions of attraction {unknown}
 x - 2 potions of might {unknown}
 z - 2 potions of brilliance {unknown}
 A - 3 potions of haste {unknown}
 B - 2 potions of lignification {unknown}
 D - 3 potions of mutation {unknown}
 G - a potion of invisibility {unknown}
 U - 2 potions of berserk rage {unknown}


   Skills:
 - Level 4.0 Fighting
 + Level 5.8 Armour
 - Level 3.0 Dodging
 - Level 3.0 Stealth
 - Level 4.0 Shields
 * Level 18.7 Spellcasting
 + Level 11.3 Conjurations
 - Level 1.1 Summonings
 - Level 1.1 Translocations
 + Level 6.4 Ice Magic
 - Level 1.3 Air Magic
 - Level 9.0 Earth Magic
 - Level 1.3 Alchemy
 - Level 1.0 Evocations


You had 31 spell levels left.
You knew the following spells:

 Your Spells              Type           Power      Damage    Failure   Level
a - Magic Dart            Conj           100%       1d8       0%          1
b - Mephitic Cloud        Conj/Alch/Air  46%        N/A       1%          3
c - Call Imp              Summ           56%        N/A       1%          2
d - Blink                 Tloc           56%        N/A       1%          2
e - Stone Arrow           Conj/Erth      100%       3d13      1%          3
f - Ozocubu's Refrigerat  Ice            26%        4d13      12%         7

Your spell library contained the following spells:

 Spells                   Type           Power      Damage    Failure   Level
 Sticky Flame             Fire/Alch      26%        2d6       1%          4
 Sandblast                Erth           100%       2d20      1%          1
 Slow                     Hex            92%        N/A       1%          1
 Cigotuvi's Dreadful Rot  Necr/Alch/Air  56%        N/A       1%          2
 Static Discharge         Conj/Air       100%       3-8/arc   1%          2
 Call Canine Familiar     Summ           28%        N/A       1%          3
 Ozocubu's Armour         Ice            53%        N/A       1%          3
 Passwall                 Erth           62%        N/A       1%          3
 Airstrike                Air            15%        2d(3-19)  1%          4
 Brom's Barrelling Bould  Conj/Erth      65%        2d8       1%          4
 Flame Wave               Conj/Fire      51%        2d13      1%          4
 Fugue of the Fallen      Necr           23%        N/A       2%          3
 Sigil of Binding         Hex            23%        N/A       2%          3
 Summon Lightning Spire   Summ/Air       29%        N/A       4%          4
 Manifold Assault         Tloc           28%        N/A       5%          4
 Dimensional Bullseye     Hex/Tloc       13%        N/A       6%          4
 Metabolic Englaciation   Hex/Ice        19%        N/A       6%          5
 Cause Fear               Hex            11%        N/A       9%          4
 Sculpt Simulacrum        Ice/Alch       21%        N/A       26%         6
 Enfeeble                 Hex            11%        N/A       99%         7
 Polar Vortex             Ice            26%        12d3*     99%         9


Dungeon Overview and Level Annotations

Branches:
Dungeon (15/15)            Temple (1/1) D:5            Lair (0/5) D:8
    Orc (0/2) D:10         Vaults (0/5) D:13
 Depths: D:15

Altars:
Ashenzari
Cheibriados
Dithmenos
Elyvilon
Fedhas
Gozag
Hepliaklqana
Kikubaaqudgha
Makhleb
Nemelex Xobeh
Okawaru
Qazlal
Ru
Sif Muna
Trog
Uskayaw
Vehumet
Wu Jian
Xom
Yredelemnul
Zin
The Shining One
Beogh

Shops:
D:2 !


Message History

You can't see any susceptible monsters within range! (Use Z to cast anyway.) Unknown command.
Unknown command.
Casting: Stone Arrow (safe; 1% risk of failure)
Confirm with . or Enter, or press ? or * to list all spells.
Aiming: Stone Arrow (safe; 1% risk of failure)
Press: ? - help, Shift-Dir - straight line, f/p - tengu warrior
Aim: a tengu warrior, wielding a +0 arbalest and wearing a +0 ring mail (moderately wounded, confused, 84% to hit)
The stone arrow hits the tengu warrior!
The tengu warrior is severely wounded.
Unknown command.
Casting: Stone Arrow (safe; 1% risk of failure)
Confirm with . or Enter, or press ? or * to list all spells.
Aiming: Stone Arrow (safe; 1% risk of failure)
Press: ? - help, Shift-Dir - straight line, f/p - tengu warrior
Aim: a tengu warrior, wielding a +0 arbalest and wearing a +0 ring mail (heavily wounded, confused, 84% to hit)
The stone arrow hits the tengu warrior!
The tengu warrior is almost dead.
Unknown command.
Casting: Stone Arrow (safe; 1% risk of failure)
Confirm with . or Enter, or press ? or * to list all spells.
Aiming: Stone Arrow (safe; 1% risk of failure)
Press: ? - help, Shift-Dir - straight line, f/p - tengu warrior
Aim: a tengu warrior, wielding a +0 arbalest and wearing a +0 ring mail (almost dead, confused, 84% to hit)
The stone arrow hits the tengu warrior!!
You kill the tengu warrior!
Vehumet accepts your kill.
You start resting.
A stone giant comes into view.
The stone giant shouts!
The stone giant throws a large rock.
The large rock barely misses you.
The stone giant throws a large rock.
The large rock hits you!!
The stone giant throws a large rock.
The large rock hits you!!!
Ouch! That really hurt!
* * * LOW HITPOINT WARNING * * *
Casting: Stone Arrow (safe; 1% risk of failure)
Confirm with . or Enter, or press ? or * to list all spells.
A tiny devil pulls itself out of the air.
The stone giant throws a large rock.
The large rock hits you!!
You die...

#################################
.................................
###..####........................
.....####...............########.
..........<.....@.......########.
............#...5.#..............
............#.....#..............
.................................
...................C.............
'#############..)....C...........
.............#....###..#####.....
.............#....# #............
.............'....# #............


You could see a stone giant and a friendly cerulean imp (summoned).

Vanquished Creatures
  8 vault guards (D:13)
  A catoblepas (D:14)
  5 two-headed ogres
  2 tengu warriors (D:15)
  2 centaur warriors
  Urug (D:10)
  2 deep elf pyromancers
  4 cyclopes
  7 ugly things
  A meliai (shapeshifter) (D:14)
  2 manticores
  2 gargoyles (D:13)
  A cane toad (shapeshifter) (D:15)
  2 unseen horrors
  Jeremiah (D:7)
  3 kobold demonologists
  A yaktaur (D:15)
  A troll (D:12)
  A hornet (D:9)
  Grinder (D:5)
  2 vampires
  2 wyverns
  4 wraiths
  3 shadows
  7 yaks
  2 basilisks
  4 slime creatures (D:15)
  4 steam dragons
  A warg (D:8)
  Edmund (D:5)
  5 water moccasins
  Duvessa (D:6)
  2 sky beasts (D:7)
  3 ice beasts
  A black bear (D:4)
  9 orc warriors
  2 ogres
  2 wolves (D:8)
  8 centaurs
  A phantom (D:4)
  3 kobold brigands
  4 bullfrogs
  A gnoll sergeant (D:10)
  2 scorpions (D:5)
  5 wights (D:7)
  Dowan (D:6)
  9 killer bees
  3 howler monkeys
  2 electric eels (D:8)
  4 jellies
  Crazy Yiuf (D:2)
  10 orc priests
  4 hounds
  A gnoll bouda (D:8)
  6 iguanas
  10 orc wizards
  A mummy (D:5)
  2 adders
  8 gnolls
  A white imp (D:6)
  2 ufetubi (D:5)
  2 ribbon worms (D:3)
  A dart slug (D:2)
  38 orcs
  8 ball pythons
  7 endoplasms
  3 giant cockroaches
  9 goblins
  6 hobgoblins
  3 jackals (D:1)
  16 kobolds
  2 quokkas
  3 bats
  3 frilled lizards
  A hobgoblin zombie (D:5)
  3 kobold zombies (D:5)
  6 rats
303 creatures vanquished.

Vanquished Creatures (collateral kills)
  An unseen horror (D:11)
1 creature vanquished.

Vanquished Creatures (others)
  An arcanist (D:8)
  An electric eel (D:8)
  An orc (D:8)
  A kobold (D:6)
4 creatures vanquished.

Grand Total: 308 creatures vanquished

Notes
Turn   | Place    | Note
-------+----------+-------------------------------------------
     0 | D:1      | pokeman the Deep Elf Hedge Wizard began the quest for the
                  | Orb.
     0 | D:1      | Reached XP level 1. HP: 10/10 MP: 7/7
   280 | D:1      | Reached XP level 2. HP: 16/16 MP: 5/9
   497 | D:1      | Reached skill level 5 in Spellcasting
   548 | D:1      | Reached XP level 3. HP: 20/20 MP: 4/11
   552 | D:1      | Learned a level 3 spell: Mephitic Cloud
   555 | D:1      | Learned a level 2 spell: Call Imp
   558 | D:1      | Learned a level 2 spell: Blink
   562 | D:1      | Learned a level 3 spell: Stone Arrow
  1142 | D:2      | Reached skill level 1 in Fighting
  1142 | D:2      | Reached skill level 1 in Armour
  1172 | D:2      | Found Yca Dero's Distillery.
  1195 | D:2      | Bought a potion of heal wounds for 50 gold pieces
  1195 | D:2      | Bought a potion of curing for 30 gold pieces
  1424 | D:2      | Reached XP level 4. HP: 24/25 MP: 6/13
  1645 | D:2      | Found a runed translucent door.
  1646 | D:2      | Noticed Crazy Yiuf
  2433 | D:2      | Killed Crazy Yiuf
  2434 | D:2      | Reached skill level 1 in Earth Magic
  2718 | D:3      | Found a shadowy altar of Dithmenos.
  2744 | D:3      | Reached skill level 6 in Spellcasting
  3087 | D:3      | Reached XP level 5. HP: 24/29 MP: 10/15
  3641 | D:4      | Noticed a phantom
  3658 | D:4      | Reached skill level 1 in Evocations
  3737 | D:4      | Killed a phantom
  3738 | D:4      | Reached XP level 6. HP: 34/34 MP: 4/17
  3748 | D:4      | Reached skill level 1 in Ice Magic
  4038 | D:4      | Reached skill level 7 in Spellcasting
  4038 | D:4      | Reached skill level 1 in Air Magic
  4038 | D:4      | Reached skill level 1 in Alchemy
  4198 | D:4      | Reached XP level 7. HP: 38/38 MP: 18/20
  4335 | D:5      | Entered Level 5 of the Dungeon
  4384 | D:5      | Noticed Grinder
  4403 | D:5      | Killed Grinder
  4404 | D:5      | Reached skill level 8 in Spellcasting
  4601 | D:5      | Noticed Edmund
  4619 | D:5      | Killed Edmund
  4620 | D:5      | Reached XP level 8. HP: 32/44 MP: 4/22
  4843 | D:5      | Found a staircase to the Ecumenical Temple.
  4851 | Temple   | Found a transporter.
  4851 | Temple   | Found a transporter.
  4851 | Temple   | Found a transporter.
  4851 | Temple   | Found a transporter.
  4851 | Temple   | Entered the Ecumenical Temple
  4871 | Temple   | Became a worshipper of Vehumet
  4992 | D:5      | Reached skill level 9 in Spellcasting
  5035 | D:5      | Found a broken altar of Ashenzari.
  5886 | D:6      | Reached skill level 5 in Conjurations
  6032 | D:6      | Noticed Dowan
  6036 | D:6      | Noticed Duvessa
  6059 | D:6      | Killed Duvessa
  6060 | D:6      | Reached skill level 1 in Shields
  6060 | D:6      | Reached skill level 10 in Spellcasting
  6064 | D:6      | Killed Dowan
  6447 | D:6      | Reached * piety under Vehumet
  6447 | D:6      | Offered knowledge of Sting by Vehumet.
  6462 | D:6      | Reached XP level 9. HP: 46/48 MP: 22/25
  6712 | D:6      | Found a stormy altar of Qazlal.
  6719 | D:6      | Found a glowing silver altar of Zin.
  6724 | D:6      | Found a shimmering blue altar of Sif Muna.
  6885 | D:7      | Reached skill level 11 in Spellcasting
  6934 | D:7      | Reached skill level 5 in Earth Magic
  7040 | D:7      | Found a glowing golden altar of the Shining One.
  7536 | D:7      | Reached skill level 12 in Spellcasting
  7547 | D:7      | Offered knowledge of Shock by Vehumet.
  7556 | D:7      | Reached ** piety under Vehumet
  7628 | D:7      | Noticed Jeremiah
  7636 | D:7      | Killed Jeremiah
  7791 | D:7      | Reached XP level 10. HP: 53/53 MP: 22/28
  8443 | D:8      | Noticed a manticore
  8447 | D:8      | Killed a manticore
  8525 | D:8      | Identified the staff of Tender Mercy {rF+ Dex+3 Earth}
  8611 | D:8      | Noticed a two-headed ogre
  8615 | D:8      | Killed a two-headed ogre
  8616 | D:8      | Reached skill level 13 in Spellcasting
  8687 | D:8      | Found a staircase to the Lair.
  8873 | D:8      | Found a bloodstained altar of Trog.
  8874 | D:8      | Noticed a wizard
  8880 | D:8      | Killed a wizard
  9655 | D:9      | Reached skill level 14 in Spellcasting
  9791 | D:9      | Noticed a two-headed ogre
  9798 | D:9      | Killed a two-headed ogre
 10019 | D:9      | Noticed a centaur warrior
 10026 | D:9      | Reached XP level 11. HP: 50/58 MP: 26/31
 10028 | D:9      | Killed a centaur warrior
 10028 | D:9      | Offered knowledge of Hailstorm by Vehumet.
 10200 | D:9      | Noticed a two-headed ogre
 10205 | D:9      | Killed a two-headed ogre
 10475 | D:9      | Noticed a two-headed ogre
 10482 | D:9      | Killed a two-headed ogre
 10483 | D:9      | Reached skill level 15 in Spellcasting
 10756 | D:10     | Entered Level 10 of the Dungeon
 10852 | D:10     | Reached *** piety under Vehumet
 11531 | D:10     | Found a roughly hewn altar of Beogh.
 11531 | D:10     | Found a staircase to the Orcish Mines.
 11559 | D:10     | Offered knowledge of Iskenderun's Mystic Blast by Vehumet.
 11800 | D:10     | Noticed Urug
 11807 | D:10     | Killed Urug
 12447 | D:11     | Reached skill level 16 in Spellcasting
 12527 | D:11     | Noticed a two-headed ogre
 12534 | D:11     | Killed a two-headed ogre
 12931 | D:11     | Noticed a white ugly thing
 12937 | D:11     | Killed a white ugly thing
 13214 | D:11     | Identified the +0 leather armour of Honour {+Inv}
 13373 | D:12     | Noticed a green ugly thing
 13378 | D:12     | Killed a green ugly thing
 13487 | D:12     | Reached XP level 12. HP: 66/66 MP: 33/34
 13720 | D:12     | Reached **** piety under Vehumet
 13740 | D:12     | Got the Compendium of Torrid Malisons
 13998 | D:12     | Reached skill level 10 in Conjurations
 14159 | D:12     | Noticed a tengu warrior
 14172 | D:12     | Noticed a tengu warrior
 14209 | D:12     | Noticed an ogre mage
 14485 | D:13     | Reached skill level 17 in Spellcasting
 14615 | D:13     | Noticed a centaur warrior
 14621 | D:13     | Killed a centaur warrior
 14623 | D:13     | Noticed a vault guard
 14624 | D:13     | Noticed a vault guard
 14652 | D:13     | Noticed a vault guard
 14659 | D:13     | Killed a vault guard
 14672 | D:13     | Noticed a vault guard
 14701 | D:13     | Identified the +7 short sword of Shrieking Terror {protect,
                  | rF+++}
 14782 | D:13     | Killed a vault guard
 14805 | D:13     | Killed a vault guard
 14930 | D:13     | Killed a vault guard
 15177 | D:13     | Offered knowledge of Sticky Flame by Vehumet.
 15178 | D:13     | Reached skill level 5 in Ice Magic
 15255 | D:13     | Noticed a vault guard
 15263 | D:13     | Noticed a vault guard
 15264 | D:13     | Killed a vault guard
 15265 | D:13     | Reached skill level 5 in Armour
 15265 | D:13     | Noticed a vault guard
 15280 | D:13     | Killed a vault guard
 15285 | D:13     | Killed a vault guard
 15286 | D:13     | Reached skill level 18 in Spellcasting
 15341 | D:13     | Noticed a vault guard
 15370 | D:13     | Killed a vault guard
 15526 | D:13     | Identified the +3 flail "Lauseps" {flame, rF+ rC+ Str+3
                  | Dex-5}
 15662 | D:13     | Found a gate to the Vaults.
 16069 | Temple   | Learned a level 7 spell: Ozocubu's Refrigeration
 16398 | D:14     | Identified the +0 ring mail "Gieni" {^Contam rN++}
 16441 | D:14     | You fall into a shaft and drop 1 floor!
 16441 | D:15     | Entered Level 15 of the Dungeon
 16569 | D:14     | Noticed a catoblepas
 16577 | D:14     | Killed a catoblepas
 16578 | D:14     | Reached XP level 13. HP: 70/70 MP: 33/37
 17579 | D:15     | Noticed a stone giant
 17600 | D:15     | Hit by a large rock thrown by a stone giant

Illustrated notes

Levels and vault maps discovered:
D:1:      dpeg_arrival_lava_altar, layout_rooms
D:2:      layout_basic, serial_shops, shop, uniq_crazy_yiuf_cottage
D:3:      layout_basic, mainiacjoe_overflow_six_doors_small
D:4:      layout_cave_pools
D:5:      layout_basic, nicolae_ashenzari_skybound, minmay_temple_entry_mist,
          serial_curves, eino_curves_03, eino_curves_02, minmay_mini_ossuary,
          uniq_grinder, uniq_edmund
D:6:      layout_gridville, minmay_overflow_temple_star_quad,
          chequers_serial_rivers_micro_c, nicolae_figureground_sparkle,
          uniq_duvessa
D:7:      layout_cave_pods, mainiacjoe_overflow_concentric_impassable,
          uniq_jeremiah
D:8:      layout_gridville, trog_wizard, erik_lair_orcish_takeover,
          kennysheep_decorative_pillar, kennysheep_island_fort
D:9:      layout_small_grid, kennysheep_generic_room_12
D:10:     layout_irregular_city, david_orc_5, nicolae_benzene_ring,
          minmay_misc_feat_diagonals, serial_bayou_pond_b, uniq_urug
D:11:     layout_cave_pods
D:12:     layout_basic, minivault_12
D:13:     layout_big_octagon, erik_vaults_2
D:14:     layout_irregular_city, hangedman_abyss_or_decor_jellyfish_corner,
          drop_trap
D:15:     grunt_enter_depths_snipers, layout_stronghold, enter_trove_3,
          minmay_strange_pillars
Temple:   hellmonk_temple_divided_pantheon

Skill      XL: |  1  2  3  4  5  6  7  8  9 10 11 12 13 |
---------------+----------------------------------------+-----
Spellcasting   | 5 6 7 8 10 12 14 16 18 | 18.7
Fighting       | 1 2 4 |  4.0
Armour         | 1 2 3 5 |  5.8
Conjurations   | 2 3 4 5 7 8 9 11 | 11.3
Earth Magic    | 1 3 4 6 7 9 |  9.0
Dodging        | 3 |  3.0
Stealth        | 3 |  3.0
Evocations     | 1 |  1.0
Ice Magic      | 1 2 5 6 |  6.4
Air Magic      | 1 |  1.3
Alchemy        | 1 |  1.3
Shields        | 1 3 4 |  4.0
Summonings     | |  1.1
Translocations | |  1.1

Action                     |  1- 3 |  4- 6 |  7- 9 | 10-12 | 13-15 || total
---------------------------+-------+-------+-------+-------+-------++-------
  Melee: Dagger            |    13 |    39 |    91 |    66 |       ||   209
   Cast: Magic Dart        |    93 |    75 |    48 |     5 |     5 ||   226
         Mephitic Cloud    |       |     8 |    14 |    41 |     2 ||    65
         Call Imp          |       |     1 |     1 |     2 |     1 ||     5
         Stone Arrow       |       |     3 |    80 |   298 |    42 ||   423
         Blink             |       |       |     1 |     6 |       ||     7
         Ozocubu's Refrige |       |       |       |       |     3 ||     3
    Use: Scroll            |       |       |       |    13 |       ||    13
   Stab: Confused          |       |     5 |     6 |     6 |       ||    17
         Sleeping          |       |       |     1 |       |       ||     1
 Armour: Robe              |    14 |    10 |    46 |    13 |       ||    83
         Steam dragon scal |       |       |       |    76 |     5 ||    81
  Dodge: Dodged            |    26 |    31 |    76 |    79 |     2 ||   214

Table legend: (Time is in decaauts)
 A = Elapsed time spent in this place.
 B = Non-inter-level travel time spent in this place.
 C = Inter-level travel time spent in this place.
 D = Time resting spent in this place.
 E = Time spent auto-exploring this place.
 F = Levels seen in this place.
 G = Mean time per level.
                   A        B        C        D        E       F      G
               +--------+--------+--------+--------+--------+-----+--------+
         Total |  17615 |  16571 |   1044 |   1104 |  13241 |  16 | 1100.9 |
       Dungeon |  17538 |  16504 |   1034 |   1104 |  13241 |  15 | 1169.2 |
        Temple |     76 |     66 |     10 |      0 |      0 |   1 |   76.0 |
               +--------+--------+--------+--------+--------+-----+--------+

Top non-repeatable levels by time:
     D:5: 1645 daAuts
     D:7: 1633 daAuts
    D:10: 1499 daAuts
     D:2: 1463 daAuts
    D:12: 1449 daAuts
     D:8: 1430 daAuts
    D:11: 1264 daAuts
     D:1: 1101 daAuts
    D:13: 1098 daAuts
     D:6: 950 daAuts
     D:3: 948 daAuts
     D:9: 937 daAuts
     D:4: 820 daAuts
    D:14: 798 daAuts
    D:15: 496 daAuts
